 Dungeon Crawl Stone Soup version 0.20-a0-1009-gc986637 (webtiles) character file.

186 ri73 the Conjurer (level 5, 21/21 HPs)
             Began as a Felid Conjurer on Apr 13, 2017.
             Got out of the dungeon alive.
             The game lasted 01:18:26 (6955 turns).

ri73 the Conjurer (Felid Conjurer)                  Turns: 6955, Time: 01:18:26

Health: 21/21      AC:  2    Str:  4    XL:     5   Next: 38%
Magic:  9/9        EV: 18    Int: 19    God:
Gold:   140        SH:  0    Dex: 16    Spells: 1/8 levels left
                                        Lives:  0   Deaths: 1

rFire    . . .     SeeInvis +   (weapon unavailable)
rCold    . . .     Gourm    .   (shield unavailable)
rNeg     . . .     Faith    .   (armour unavailable)
rPois    .         Spirit   .   (helmet unavailable)
rElec    .         Reflect  .   (cloak unavailable)
rCorr    .         Harm     .   (gloves unavailable)
MR       .....                  (boots unavailable)
Stlth    +++.......             (no amulet)
Regen    0.1/turn               (no ring)
MPRegen  0.2/turn               (no ring)

@: quick
A: no armour, no weapons or thrown items, stealth, claws 1, fangs 3, see
invisible, carnivore 3, speed 1, shaggy fur 2, slow metabolism 1, sharp paws
a: no special abilities


You escaped.
You were not hungry.

You visited 1 branch of the dungeon, and saw 3 of its levels.

You collected 140 gold pieces.

Inventory:

Jewellery
 d - a +1 ring of protection {unknown}
Scrolls
 e - 2 scrolls of fear
 h - 3 scrolls of identify
 m - a scroll of enchant armour
Potions
 c - 2 potions of flight
 i - a potion of agility {unknown}
 k - a potion of resistance
 l - a potion of brilliance {unknown}
Books
 a - a book of Conjurations

   Spells                             Type                      Level
   a - Magic Dart                     Conjuration                  1
   b - Searing Ray                    Conjuration                  2
   c - Dazzling Spray                 Conjuration/Hexes            3
   d - Fulminant Prism                Conjuration/Hexes            4
   e - Force Lance                    Conjuration/Translocation    4
   f - Iskenderun's Mystic Blast      Conjuration                  4
Comestibles
 b - 4 meat rations
 f - 2 royal jellies
 g - 2 bread rations


   Skills:
 - Level 2.6 Dodging
 - Level 2.6 Stealth
 - Level 2.1 Spellcasting
 + Level 7.0 Conjurations


You had one spell level left.
You knew the following spells:

 Your Spells              Type           Power        Failure   Level  Hunger
a - Magic Dart            Conj           ####         1%          1    #......
b - Searing Ray           Conj           ####..       1%          2    ##.....
c - Force Lance           Conj/Tloc      ###.....     38%         4    #####..


Dungeon Overview and Level Annotations

Branches:
Dungeon (3/15)

Altars:
Ru


Innate Abilities, Weirdness & Mutations

You cannot wear armour.
You are incapable of wielding weapons or throwing items.
Your paws allow you to move quietly. (Stealth)
You have sharp claws.
You have razor-sharp teeth.
You have supernaturally acute eyesight. (SInv)
You are carnivorous and can eat meat at any time.
You cover ground quickly.
You are covered in thick fur. (AC +2)
You have a slow metabolism.
Your sharp claws are effective at attacking unaware monsters.


Message History

You kill the rat!
You start resting.
Magic restored.
A frilled lizard comes into view.
Casting: Magic Dart
Confirm with . or Enter, or press ? or * to list all spells.
Aiming: Magic Dart
Press: ? - help, Shift-Dir - straight line, f - frilled lizard
Aim: a frilled lizard (hasn't noticed you)
The magic dart hits the frilled lizard.
You kill the frilled lizard!
You see here a frilled lizard corpse.
You butcher the frilled lizard corpse.
j - a chunk of flesh You see here a frilled lizard skeleton.
Eating a chunk of flesh.
You eat the chunk of flesh.
This raw flesh tastes great.
There is a staircase leading out of the dungeon here.
Are you sure you want to leave the Dungeon?
This will make you lose the game!
You have escaped!

#.# #..# #..#.#.###...##.####.
#.# #..# ###.#.#...............
#.# #..# #.#####..........###..
#.# #..# #.######.).......# #..
##.###(.# #....##.......##.###..
#.#.###.####....##..#######.....#
.###............##.(# ###....
#.#.#...###.....8#..# #####
##.##.#.# #.....@#..#
####.#.####....8#..#
#.#.........##..####
#.###.......##.....#
#.###.##....##.###.#
#......#.#####.....# #####.##.#
#.##..# ###### #.##..# #.##..#


There were no monsters in sight!

Vanquished Creatures
  An ogre (D:3)
  A phantom (D:3)
  A centaur zombie (D:3)
  An iguana (D:3)
  2 adders (D:2)
  7 worms
  A dart slug (D:2)
  3 leopard geckos
  5 orcs (D:3)
  6 bats
  2 giant cockroaches (D:3)
  10 goblins
  6 hobgoblins
  13 jackals
  7 kobolds
  A ball python (D:3)
  8 frilled lizards
  10 rats
85 creatures vanquished.

Notes
Turn   | Place    | Note
-------+----------+-------------------------------------------
     0 | D:1      | ri73 the Felid Conjurer began the quest for the Orb.
     0 | D:1      | Reached XP level 1. HP: 7/7 MP: 4/4
  1040 | D:1      | Reached skill level 4 in Conjurations
  1040 | D:1      | Reached XP level 2. HP: 11/11 MP: 1/6
  2590 | D:2      | Reached XP level 3. HP: 14/14 MP: 1/7
  3081 | D:2      | Found a faded altar of an unknown god.
  3210 | D:2      | Reached skill level 5 in Conjurations
  3232 | D:2      | Learned a level 2 spell: Searing Ray
  3573 | D:3      | Reached XP level 4. HP: 18/18 MP: 5/8
  4761 | D:3      | Noticed a phantom
  5051 | D:3      | Upgraded the game from 0.20-a0-1006-ge6c5631 to 0.20-a0-1009-gc986637
  5398 | D:3      | Reached XP level 5. HP: 21/21 MP: 6/9
  5849 | D:3      | Reached skill level 6 in Conjurations
  6162 | D:2      | Became a worshipper of Ru the Awakened
  6164 | D:2      | Fell from the grace of Ru
  6351 | D:3      | Killed a phantom
  6442 | D:3      | Gained mutation: You are covered in thick fur. (AC +2) [Felid growth]
  6442 | D:3      | Reached XP level 6. HP: 24/24 MP: 6/10
  6530 | D:3      | Reached skill level 7 in Conjurations
  6589 | D:3      | Learned a level 4 spell: Force Lance
  6750 | D:3      | Shot with an arrow by a centaur
  6751 | D:3      | Reached XP level 5. HP: -5/21 MP: 6/9
  6955 | D:$      | Got out of the dungeon alive.

Vault maps used:
D:1:      mrwooster_arrival_statue, corexii_hall_statues_i, minmay_heptomino_d4
D:2:      first_bread, chequers_ecumenical_altar_simple

Skill      XL: |  1  2  3  4  5  6 |
---------------+-------------------+-----
Conjurations   | 4 5 6 7 |  7.0
Dodging        | |  2.6
Stealth        | |  2.6
Spellcasting   | |  2.1

Action                   |  1- 3 |  4- 6 || total
-------------------------+-------+-------++-------
Melee: Unarmed           |    13 |    20 ||    33
       Bite              |     2 |     2 ||     4
 Cast: Magic Dart        |    96 |   111 ||   207
       Searing Ray       |     1 |    17 ||    18
Invok: Renounce Religion |       |     1 ||     1
  Use: Scroll            |     4 |       ||     4
       Potion            |       |     2 ||     2
  Eat: Chunk             |    13 |     7 ||    20
Armor: Skin              |     1 |     2 ||     3
Dodge: Dodged            |    50 |    43 ||    93
